Panthers vs BlackHawks

Created - 26 novembre 2017 at 21:06

Goals
1 2 3 T
Panthers 2 0 2 4
BlackHawks 2 1 0 3
Shots
1 2 3 T
Panthers 15 6 16 37
BlackHawks 12 5 4 21

1st period

1. Panthers , David Perron 5 (Jori Lehtera 6) at 0:52
2. BlackHawks , Jay Beagle 6 (Radim Vrbata 11) at 6:32
3. BlackHawks , Artemi Panarin 12 (Ryan OReilly 8, David Backes 9) at 9:34 (PP)
4. Panthers , Joe Thornton 5 (Blake Wheeler 14, Jacob Trouba 13) at 18:18

Penalties :
Logan Couture (FLA) for Interference (Minor) at 7:43

2nd period

5. BlackHawks , Artemi Panarin 13 (Ryan OReilly 9) at 9:55 (PP)

Penalties :
Dion Phaneuf (CHI) for Roughing (Minor) at 2:16, Matthew Tkachuk (FLA) for High sticking (Minor) at 7:26, Brian Campbell (FLA) for Slashing (Minor) at 9:53, Kyle Okposo (CHI) for Slashing (Minor) at 12:28

3rd period

6. Panthers , Patrick Kane 15 (Logan Couture 19, Jacob Trouba 14) at 5:51
7. Panthers , Joe Thornton 6 (Danny DeKeyser 8, Blake Wheeler 15) at 6:24

Penalties :
Jack Eichel (CHI) for Holding (Minor) at 0:25, Sergei Bobrovsky (CHI) for Slashing (Minor) at 10:06 - David Backes served the penalty., Trevor Lewis (CHI) for High sticking (Minor) at 14:01, Jori Lehtera (FLA) for Hooking (Minor) at 16:28

Goalie Stats

Marc-Andre Fleury (FLA), 18 saves from 21 shots - (0.857), W, 12-8-4, 60:00 minutes
Sergei Bobrovsky (CHI), 33 saves from 37 shots - (0.892), L, 13-9-1, 59:39 minutes

Players Stats for Panthers

Player Name              G  A  P  +/- PIM S  H  SB GA TA FO     MP     PP MP  PK MP  
------------------------------------------------------------------------------------
Blake Wheeler            0  2  2   2  0   2  1  0  0  0  0/0    19:48   5:19   2:13 
Brian Campbell           0  0  0   0  2   0  0  0  0  0  0/0    15:02   4:31   0:10 
Brooks Orpik             0  0  0   0  0   0  3  1  0  0  0/0    11:15   0:00   0:10 
Danny DeKeyser           0  1  1   1  0   1  1  2  0  0  0/0    19:12   0:00   3:02 
David Perron             1  0  1   1  0   2  3  0  0  0  0/2    13:27   0:00   1:52 
Jacob Trouba             0  2  2   2  0   3  1  2  0  0  0/0    25:45   5:24   2:39 
Jesper Fast              0  0  0  -1  0   0  1  0  0  0  0/1     9:42   0:00   2:54 
Joe Thornton             2  0  2   2  0   3  2  0  0  0  14/29  17:32   5:19   0:13 
Jori Lehtera             0  1  1   1  2   1  0  0  0  0  7/13   10:56   0:00   0:00 
Justin Braun             0  0  0   1  0   0  2  1  0  0  0/0    23:00   4:31   3:02 
Logan Couture            0  1  1   1  2   1  2  1  0  0  15/28  19:53   4:36   1:05 
Matthew Tkachuk          0  0  0   1  2   5  3  0  0  0  0/1    11:54   0:14   0:28 
Mikkel Boedker           0  0  0  -1  0   0  0  0  0  0  0/0     6:48   0:00   0:00 
Nikolaj Ehlers           0  0  0   1  0   6  2  0  0  0  0/1    19:28   5:05   0:10 
Patrick Kane             1  0  1   1  0   9  2  1  0  0  0/0    18:49   4:36   0:00 
Patrik Laine             0  0  0   2  0   3  0  0  0  0  0/0    16:14   4:36   0:00 
T.J. Brodie              0  0  0   2  0   1  0  0  0  0  0/0    25:45   5:24   2:39 
Tanner Kero              0  0  0  -1  0   0  0  0  0  0  6/11    9:35   0:00   2:47 

Players Stats for BlackHawks

Player Name              G  A  P  +/- PIM S  H  SB GA TA FO     MP     PP MP  PK MP  
------------------------------------------------------------------------------------
Adam McQuaid             0  0  0  -2  0   3  1  0  0  0  0/0    20:46   1:57   3:41 
Alex Galchenyuk          0  0  0  -1  0   1  0  0  0  0  1/2    16:03   2:54   2:22 
Andrew Shaw              0  0  0   0  0   1  1  0  0  0  1/1    10:36   0:00   0:00 
Antoine Roussel          0  0  0  -1  0   0  2  1  0  0  0/1    14:48   0:00   5:05 
Artemi Panarin           2  0  2  -1  0   5  0  0  0  0  0/3    16:13   2:57   0:08 
Brady Austin             0  0  0   0  0   0  0  0  0  0  0/0    14:25   0:37   0:48 
Darnell Nurse            0  0  0  -2  0   0  1  0  0  0  0/0    15:19   0:00   0:08 
David Backes             0  1  1  -1  0   1  4  0  0  0  1/1    16:05   2:57   0:00 
Dion Phaneuf             0  0  0  -1  2   1  1  1  0  0  0/0    24:34   3:17   5:12 
Jack Eichel              0  0  0  -1  2   2  1  0  0  0  4/13   13:40   2:54   0:00 
Jason Chimera            0  0  0  -1  0   1  0  0  0  0  0/0     9:43   0:00   0:00 
Jay Beagle               1  0  1   0  0   2  0  0  0  0  17/31  16:16   0:00   5:40 
Jeff Petry               0  0  0  -1  0   1  4  2  0  0  0/0    25:46   3:17   6:23 
Kevan Miller             0  0  0   0  0   0  1  1  0  0  0/0    19:09   2:34   3:38 
Kyle Okposo              0  0  0  -1  2   0  2  0  0  0  0/0    13:40   2:54   0:00 
Radim Vrbata             0  1  1   0  0   1  0  0  0  0  0/0    10:36   0:00   0:00 
Ryan OReilly             0  2  2  -1  0   1  0  0  0  0  14/20  20:12   2:57   4:07 
Trevor Lewis             0  0  0  -1  2   1  0  1  0  0  6/14   12:10   0:00   2:28 

3 Stars

1 - Joe Thornton (FLA)
2 - Artemi Panarin (CHI)
3 - Jacob Trouba (FLA)

Power Play

Panthers - 0 on 5 Attempt(s) - 0.00%
BlackHawks - 2 on 4 Attempt(s) - 50.00%

Penalty Kill

Panthers - 2 on 4 Attempt(s) - 50.00% - Score 0 goal in Penalty Kill
BlackHawks - 5 on 5 Attempt(s) - 100.00% - Score 0 goal in Penalty Kill

Team Stat

Panthers - Hits : 23 - Faceoff Wins : 42 - Blocked Shots : 8 - Penalty Minutes : 8
BlackHawks - Hits : 18 - Faceoff Wins : 44 - Blocked Shots : 6 - Penalty Minutes : 10

Official

Referees : Mike Hasenfratz and Dean Morton
Linesman : Brandon Gawryletz and Brad Kovachik

Game Notes

No Game Note

Finance

Level 1 -- Attendance: 5945 (91.46%) -- Ticket Income 653 950 $
Level 2 -- Attendance: 4429 (88.58%) -- Ticket Income 332 175 $
Level 3 -- Attendance: 3439 (98.26%) -- Ticket Income 192 584 $
Level 4 -- Attendance: 2837 (76.32%) -- Ticket Income 113 480 $
Luxury Box -- Attendance: 908 (90.80%) -- Ticket Income 180 692 $
Game was played at the United Center.
Total Attendance: 17558 (89.05%)
Total Ticket Income: 1 472 881 $
Other Income: 220 932 $
Total Income: 1 693 813 $

% Time on Ice - Panthers

Lines # - Real PCT - Wanted PCT - Time Play
Normal Forward
1 - 33% - 40% - 14:13
2 - 27% - 30% - 11:38
3 - 25% - 20% - 10:57
4 - 16% - 10% - 6:48
Normal Defense
1 - 36% - 40% - 15:35
2 - 37% - 37% - 16:10
3 - 24% - 23% - 10:22
4 - 3% - 0% - 1:29
PP Forward
1 - 46% - 60% - 4:36
2 - 54% - 40% - 5:19
PP Defense
1 - 54% - 60% - 5:24
2 - 46% - 40% - 4:31
PK Forward
1 - 62% - 60% - 3:38
2 - 38% - 40% - 2:13
PK Defense
1 - 48% - 60% - 2:49
2 - 52% - 40% - 3:02
PK3 Forward
1 - 0% - 60%
2 - 0% - 40%
PK3 Defense
1 - 0% - 60%
2 - 0% - 40%
44 Forward
1 - 0% - 60%
2 - 0% - 40%
44 Defense
1 - 0% - 60%
2 - 0% - 40%
Last Minute Offensive  - 0:00
Last Minute Defensive  - 0:38
Total
Forward - 60:00
Defense - 60:00

% Time on Ice - BlackHawks

Lines # - Real PCT - Wanted PCT - Time Play
Normal Forward
1 - 29% - 28% - 12:30
2 - 25% - 25% - 10:47
3 - 24% - 25% - 10:36
4 - 22% - 22% - 9:43
Normal Defense
1 - 32% - 40% - 14:06
2 - 35% - 30% - 15:11
3 - 30% - 20% - 12:57
4 - 3% - 10% - 1:22
PP Forward
1 - 50% - 60% - 2:57
2 - 50% - 40% - 2:54
PP Defense
1 - 56% - 60% - 3:17
2 - 44% - 40% - 2:34
PK Forward
1 - 65% - 60% - 6:28
2 - 35% - 40% - 3:27
PK Defense
1 - 72% - 60% - 7:11
2 - 28% - 40% - 2:44
PK3 Forward
1 - 0% - 60%
2 - 0% - 40%
PK3 Defense
1 - 0% - 60%
2 - 0% - 40%
44 Forward
1 - 0% - 60%
2 - 0% - 40%
44 Defense
1 - 0% - 60%
2 - 0% - 40%
Last Minute Offensive  - 0:38
Last Minute Defensive  - 0:00
Total
Forward - 60:00
Defense - 60:00

Play by Play

1st period


0:01 of 1st period - Logan Couture wins face-off versus Ryan OReilly in neutral zone.
0:22 of 1st period - Shot by Logan Couture.
0:22 of 1st period - Deflect By Nikolaj Ehlers.
0:22 of 1st period - Stopped by Sergei Bobrovsky with a rebound.
0:28 of 1st period - Shot by Nikolaj Ehlers.
0:28 of 1st period - Shot Misses the Net.
0:40 of 1st period - Shot by Patrick Kane.
0:40 of 1st period - Stopped by Sergei Bobrovsky without a rebound.
0:41 of 1st period - Joe Thornton wins face-off versus Jack Eichel in BlackHawks zone.
0:41 of 1st period - Joe Thornton is hit by Adam McQuaid.
0:50 of 1st period - Icing by Adam McQuaid.
0:51 of 1st period - Jori Lehtera wins face-off versus Jack Eichel in BlackHawks zone.
0:52 of 1st period - Shot by David Perron.
0:52 of 1st period - Goal by David Perron - Panthers : 1 - BlackHawks : 0.
0:53 of 1st period - Jay Beagle wins face-off versus Jori Lehtera in neutral zone.
1:12 of 1st period - Shot by Matthew Tkachuk.
1:12 of 1st period - Stopped by Sergei Bobrovsky without a rebound.
1:13 of 1st period - Joe Thornton wins face-off versus Trevor Lewis in BlackHawks zone.
2:07 of 1st period - Icing by Jacob Trouba.
2:08 of 1st period - Tanner Kero wins face-off versus Jack Eichel in Panthers zone.
2:28 of 1st period - Shot by Jack Eichel.
2:28 of 1st period - Stopped by Marc-Andre Fleury with a rebound.
2:35 of 1st period - Tanner Kero is hit by Kyle Okposo and loses puck.
3:18 of 1st period - Shot by Patrick Kane.
3:18 of 1st period - Stopped by Sergei Bobrovsky without a rebound.
3:19 of 1st period - Jori Lehtera wins face-off versus Artemi Panarin in BlackHawks zone.
3:36 of 1st period - Shot by David Perron.
3:36 of 1st period - Shot Misses the Net.
3:38 of 1st period - Shot by David Perron.
3:38 of 1st period - Deflect By Matthew Tkachuk.
3:38 of 1st period - Stopped by Sergei Bobrovsky with a rebound.
3:40 of 1st period - Shot by David Perron.
3:40 of 1st period - Deflect By Matthew Tkachuk.
3:40 of 1st period - Stopped by Sergei Bobrovsky without a rebound.
3:41 of 1st period - Jay Beagle wins face-off versus Joe Thornton in BlackHawks zone.
4:16 of 1st period - Shot by Patrik Laine.
4:16 of 1st period - Deflect By Blake Wheeler.
4:16 of 1st period - Shot Misses the Net.
4:48 of 1st period - Blake Wheeler is hit by David Backes and loses puck.
5:33 of 1st period - Shot by Logan Couture.
5:33 of 1st period - Shot Misses the Net.
5:36 of 1st period - Icing by Kevan Miller.
5:37 of 1st period - Trevor Lewis wins face-off versus Jori Lehtera in BlackHawks zone.
5:37 of 1st period - Trevor Lewis is hit by Matthew Tkachuk.
6:02 of 1st period - Shot by Matthew Tkachuk.
6:02 of 1st period - Stopped by Sergei Bobrovsky without a rebound.
6:03 of 1st period - Logan Couture wins face-off versus Alex Galchenyuk in BlackHawks zone.
6:03 of 1st period - Patrick Kane is hit by Darnell Nurse and loses puck.
6:26 of 1st period - Shot by Alex Galchenyuk.
6:26 of 1st period - Stopped by Marc-Andre Fleury without a rebound.
6:27 of 1st period - Jay Beagle wins face-off versus Tanner Kero in Panthers zone.
6:32 of 1st period - Shot by Jay Beagle.
6:32 of 1st period - Goal by Jay Beagle - Panthers : 1 - BlackHawks : 1.
6:33 of 1st period - Jori Lehtera wins face-off versus Jay Beagle in neutral zone.
6:38 of 1st period - Icing by Dion Phaneuf.
6:39 of 1st period - Logan Couture wins face-off versus Jay Beagle in BlackHawks zone.
6:48 of 1st period - Shot by Nikolaj Ehlers.
6:48 of 1st period - Stopped by Sergei Bobrovsky without a rebound.
6:49 of 1st period - Jori Lehtera wins face-off versus Jack Eichel in BlackHawks zone.
7:38 of 1st period - Shot by Patrick Kane.
7:38 of 1st period - Stopped by Sergei Bobrovsky without a rebound.
7:39 of 1st period - Jay Beagle wins face-off versus Logan Couture in BlackHawks zone.
7:39 of 1st period - Radim Vrbata is hit by Nikolaj Ehlers and loses puck.
7:43 of 1st period - Minor Penalty to Logan Couture for Interference.
7:44 of 1st period - Ryan OReilly wins face-off versus Tanner Kero in Panthers zone.
7:47 of 1st period - Shot by Artemi Panarin.
7:47 of 1st period - Stopped by Marc-Andre Fleury without a rebound.
7:48 of 1st period - Ryan OReilly wins face-off versus Tanner Kero in Panthers zone.
7:53 of 1st period - Shot by Artemi Panarin.
7:53 of 1st period - Shot Misses the Net.
9:08 of 1st period - Shot by Jack Eichel.
9:08 of 1st period - Shot Misses the Net.
9:34 of 1st period - Shot by Artemi Panarin.
9:34 of 1st period - Goal by Artemi Panarin - Panthers : 1 - BlackHawks : 2.
9:35 of 1st period - Jay Beagle wins face-off versus Logan Couture in neutral zone.
9:37 of 1st period - Off-side.
9:38 of 1st period - Andrew Shaw wins face-off versus Logan Couture in neutral zone.
10:01 of 1st period - Shot by Jay Beagle.
10:01 of 1st period - Deflect By Radim Vrbata.
10:01 of 1st period - Shot Misses the Net.
10:03 of 1st period - Shot by Andrew Shaw.
10:03 of 1st period - Stopped by Marc-Andre Fleury without a rebound.
10:04 of 1st period - Tanner Kero wins face-off versus Trevor Lewis in Panthers zone.
10:18 of 1st period - Trevor Lewis is hit by Brooks Orpik and loses puck.
10:21 of 1st period - Shot by Adam McQuaid.
10:21 of 1st period - Stopped by Marc-Andre Fleury without a rebound.
10:22 of 1st period - Logan Couture wins face-off versus Artemi Panarin in Panthers zone.
12:18 of 1st period - Shot by Jay Beagle.
12:18 of 1st period - Stopped by Marc-Andre Fleury without a rebound.
12:19 of 1st period - Jack Eichel wins face-off versus David Perron in Panthers zone.
14:24 of 1st period - Shot by Radim Vrbata.
14:24 of 1st period - Shot Blocked by Jacob Trouba.
14:26 of 1st period - Shot by Adam McQuaid.
14:26 of 1st period - Stopped by Marc-Andre Fleury with a rebound.
14:28 of 1st period - Shot by Radim Vrbata.
14:28 of 1st period - Shot Blocked by Jacob Trouba.
14:30 of 1st period - Shot by Radim Vrbata.
14:30 of 1st period - Shot Misses the Net.
14:40 of 1st period - Adam McQuaid is hit by Jesper Fast and loses puck.
14:49 of 1st period - Icing by Adam McQuaid.
14:50 of 1st period - Jay Beagle wins face-off versus Jori Lehtera in BlackHawks zone.
15:10 of 1st period - Brooks Orpik is hit by Jack Eichel and loses puck.
15:50 of 1st period - Shot by Patrick Kane.
15:50 of 1st period - Shot Misses the Net.
16:03 of 1st period - Off-side.
16:04 of 1st period - Joe Thornton wins face-off versus Trevor Lewis in neutral zone.
16:07 of 1st period - Shot by Blake Wheeler.
16:07 of 1st period - Stopped by Sergei Bobrovsky without a rebound.
16:08 of 1st period - Trevor Lewis wins face-off versus Joe Thornton in BlackHawks zone.
16:08 of 1st period - Trevor Lewis is hit by Joe Thornton.
16:29 of 1st period - Off-side.
16:30 of 1st period - David Backes wins face-off versus Logan Couture in neutral zone.
16:30 of 1st period - David Backes is hit by Logan Couture.
16:50 of 1st period - Shot by Patrick Kane.
16:50 of 1st period - Stopped by Sergei Bobrovsky without a rebound.
16:51 of 1st period - Jay Beagle wins face-off versus Joe Thornton in BlackHawks zone.
16:51 of 1st period - Andrew Shaw is hit by Joe Thornton and loses puck.
17:26 of 1st period - Shot by Patrik Laine.
17:26 of 1st period - Stopped by Sergei Bobrovsky without a rebound.
17:27 of 1st period - Trevor Lewis wins face-off versus Logan Couture in BlackHawks zone.
17:27 of 1st period - Antoine Roussel is hit by Nikolaj Ehlers and loses puck.
17:31 of 1st period - Icing by Adam McQuaid.
17:32 of 1st period - Logan Couture wins face-off versus Trevor Lewis in BlackHawks zone.
17:58 of 1st period - Shot by Trevor Lewis.
17:58 of 1st period - Stopped by Marc-Andre Fleury without a rebound.
17:59 of 1st period - Ryan OReilly wins face-off versus Joe Thornton in Panthers zone.
18:10 of 1st period - Shot by Patrik Laine.
18:10 of 1st period - Shot Misses the Net.
18:16 of 1st period - Shot by Blake Wheeler.
18:16 of 1st period - Shot Blocked by Jeff Petry.
18:18 of 1st period - Shot by Joe Thornton.
18:18 of 1st period - Goal by Joe Thornton - Panthers : 2 - BlackHawks : 2.
18:19 of 1st period - Jori Lehtera wins face-off versus Jack Eichel in neutral zone.
18:29 of 1st period - Icing by Brady Austin.
18:30 of 1st period - Logan Couture wins face-off versus Jack Eichel in BlackHawks zone.
18:44 of 1st period - Off-side.
18:45 of 1st period - Joe Thornton wins face-off versus Artemi Panarin in neutral zone.
19:00 of 1st period - Shot by Ryan OReilly.
19:00 of 1st period - Shot Misses the Net.
19:02 of 1st period - Shot by David Backes.
19:02 of 1st period - Stopped by Marc-Andre Fleury without a rebound.
19:03 of 1st period - Logan Couture wins face-off versus Trevor Lewis in Panthers zone.
19:18 of 1st period - Shot by Trevor Lewis.
19:18 of 1st period - Deflect By Antoine Roussel.
19:18 of 1st period - Shot Blocked by Patrick Kane.
19:23 of 1st period - Icing by T.J. Brodie.
19:24 of 1st period - Logan Couture wins face-off versus Jay Beagle in Panthers zone.
19:37 of 1st period - Shot by Radim Vrbata.
19:37 of 1st period - Shot Blocked by Logan Couture.
19:39 of 1st period - Shot by Dion Phaneuf.
19:39 of 1st period - Stopped by Marc-Andre Fleury without a rebound.
19:40 of 1st period - Ryan OReilly wins face-off versus Joe Thornton in Panthers zone.
19:49 of 1st period - Shot by Blake Wheeler.
19:49 of 1st period - Stopped by Sergei Bobrovsky without a rebound.
19:50 of 1st period - Jay Beagle wins face-off versus Jori Lehtera in BlackHawks zone.
Goals for this period are 2 for Panthers vs 2 for BlackHawks.
Shots for this period are 15 for Panthers vs 12 for BlackHawks.

2nd period


0:01 of 2nd period - Ryan OReilly wins face-off versus Logan Couture in neutral zone.
0:26 of 2nd period - Icing by David Backes.
0:27 of 2nd period - Ryan OReilly wins face-off versus Joe Thornton in BlackHawks zone.
0:32 of 2nd period - Shot by Artemi Panarin.
0:32 of 2nd period - Deflect By David Backes.
0:32 of 2nd period - Shot Blocked by Brooks Orpik.
0:40 of 2nd period - Icing by Artemi Panarin.
0:41 of 2nd period - Ryan OReilly wins face-off versus Jori Lehtera in BlackHawks zone.
0:41 of 2nd period - Artemi Panarin is hit by David Perron and loses puck.
0:47 of 2nd period - Jeff Petry is hit by David Perron and loses puck.
1:07 of 2nd period - Shot by David Perron.
1:07 of 2nd period - Stopped by Sergei Bobrovsky without a rebound.
1:08 of 2nd period - Jack Eichel wins face-off versus Nikolaj Ehlers in BlackHawks zone.
1:44 of 2nd period - Off-side.
1:45 of 2nd period - Joe Thornton wins face-off versus Trevor Lewis in neutral zone.
2:07 of 2nd period - Icing by Patrik Laine.
2:08 of 2nd period - Joe Thornton wins face-off versus Jay Beagle in Panthers zone.
2:15 of 2nd period - Shot by Joe Thornton.
2:15 of 2nd period - Shot Misses the Net.
2:16 of 2nd period - Minor Penalty to Dion Phaneuf for Roughing.
2:17 of 2nd period - Jay Beagle wins face-off versus Logan Couture in BlackHawks zone.
2:42 of 2nd period - Antoine Roussel is hit by Patrick Kane and loses puck.
3:21 of 2nd period - Shot by Nikolaj Ehlers.
3:21 of 2nd period - Shot Blocked by Kevan Miller.
4:13 of 2nd period - Shot by Patrick Kane.
4:13 of 2nd period - Stopped by Sergei Bobrovsky without a rebound.
4:14 of 2nd period - Joe Thornton wins face-off versus Jay Beagle in BlackHawks zone.
5:48 of 2nd period - Shot by Patrick Kane.
5:48 of 2nd period - Stopped by Sergei Bobrovsky without a rebound.
5:49 of 2nd period - Jay Beagle wins face-off versus Joe Thornton in BlackHawks zone.
6:38 of 2nd period - Shot by Jason Chimera.
6:38 of 2nd period - Stopped by Marc-Andre Fleury with a rebound.
6:40 of 2nd period - Shot by Jeff Petry.
6:40 of 2nd period - Stopped by Marc-Andre Fleury without a rebound.
6:41 of 2nd period - Ryan OReilly wins face-off versus Logan Couture in Panthers zone.
6:41 of 2nd period - Ryan OReilly is hit by Danny DeKeyser.
7:26 of 2nd period - Minor Penalty to Matthew Tkachuk for High sticking.
7:27 of 2nd period - Tanner Kero wins face-off versus Jack Eichel in Panthers zone.
8:56 of 2nd period - Shot by Alex Galchenyuk.
8:56 of 2nd period - Shot Misses the Net.
9:46 of 2nd period - Radim Vrbata is hit by Brooks Orpik.
9:53 of 2nd period - Minor Penalty to Brian Campbell for Slashing.
9:54 of 2nd period - Ryan OReilly wins face-off versus Tanner Kero in Panthers zone.
9:55 of 2nd period - Shot by Artemi Panarin.
9:55 of 2nd period - Goal by Artemi Panarin - Panthers : 2 - BlackHawks : 3.
9:56 of 2nd period - Trevor Lewis wins face-off versus Joe Thornton in neutral zone.
10:12 of 2nd period - Shot by Patrik Laine.
10:12 of 2nd period - Shot Blocked by Trevor Lewis.
10:36 of 2nd period - Shot by Nikolaj Ehlers.
10:36 of 2nd period - Stopped by Sergei Bobrovsky without a rebound.
10:37 of 2nd period - Jori Lehtera wins face-off versus Jay Beagle in BlackHawks zone.
11:33 of 2nd period - Shot by Ryan OReilly.
11:33 of 2nd period - Stopped by Marc-Andre Fleury without a rebound.
11:34 of 2nd period - Jack Eichel wins face-off versus Logan Couture in Panthers zone.
11:43 of 2nd period - Shot by Jack Eichel.
11:43 of 2nd period - Stopped by Marc-Andre Fleury without a rebound.
11:44 of 2nd period - Trevor Lewis wins face-off versus Joe Thornton in Panthers zone.
11:59 of 2nd period - Shot by Joe Thornton.
11:59 of 2nd period - Shot Misses the Net.
12:13 of 2nd period - Shot by Joe Thornton.
12:13 of 2nd period - Deflect By Blake Wheeler.
12:13 of 2nd period - Shot Misses the Net.
12:28 of 2nd period - Minor Penalty to Kyle Okposo for Slashing.
12:29 of 2nd period - Jay Beagle wins face-off versus Logan Couture in BlackHawks zone.
12:38 of 2nd period - Shot by T.J. Brodie.
12:38 of 2nd period - Stopped by Sergei Bobrovsky without a rebound.
12:39 of 2nd period - Logan Couture wins face-off versus Antoine Roussel in BlackHawks zone.
12:39 of 2nd period - Logan Couture is hit by Jeff Petry.
12:47 of 2nd period - Shot by Jacob Trouba.
12:47 of 2nd period - Shot Blocked by Dion Phaneuf.
12:49 of 2nd period - Shot by Logan Couture.
12:49 of 2nd period - Shot Misses the Net.
12:51 of 2nd period - Shot by Jacob Trouba.
12:51 of 2nd period - Stopped by Sergei Bobrovsky without a rebound.
12:52 of 2nd period - Jay Beagle wins face-off versus Joe Thornton in BlackHawks zone.
13:00 of 2nd period - Icing by Nikolaj Ehlers.
13:01 of 2nd period - Joe Thornton wins face-off versus Jay Beagle in Panthers zone.
13:08 of 2nd period - Shot by Blake Wheeler.
13:08 of 2nd period - Shot Blocked by Antoine Roussel.
14:31 of 2nd period - Alex Galchenyuk is hit by Matthew Tkachuk and loses puck.
14:35 of 2nd period - Darnell Nurse is hit by Matthew Tkachuk and loses puck.
15:22 of 2nd period - Shot by Artemi Panarin.
15:22 of 2nd period - Shot Misses the Net.
15:48 of 2nd period - Jesper Fast is hit by David Backes.
16:01 of 2nd period - Icing by Kevan Miller.
16:02 of 2nd period - Ryan OReilly wins face-off versus Logan Couture in BlackHawks zone.
16:02 of 2nd period - Ryan OReilly is hit by Patrick Kane.
16:37 of 2nd period - Icing by Justin Braun.
16:38 of 2nd period - Logan Couture wins face-off versus Jay Beagle in Panthers zone.
17:31 of 2nd period - Shot by Alex Galchenyuk.
17:31 of 2nd period - Shot Misses the Net.
17:50 of 2nd period - Jack Eichel is hit by Jacob Trouba and loses puck.
17:53 of 2nd period - Shot by Kyle Okposo.
17:53 of 2nd period - Shot Misses the Net.
17:55 of 2nd period - Shot by Alex Galchenyuk.
17:55 of 2nd period - Shot Misses the Net.
18:58 of 2nd period - Radim Vrbata is hit by Justin Braun and loses puck.
Goals for this period are 0 for Panthers vs 1 for BlackHawks.
Shots for this period are 6 for Panthers vs 5 for BlackHawks.

3rd period


0:01 of 3rd period - Logan Couture wins face-off versus Jack Eichel in neutral zone.
0:05 of 3rd period - Nikolaj Ehlers is hit by Dion Phaneuf and loses puck.
0:13 of 3rd period - Patrick Kane is hit by Jeff Petry and loses puck.
0:20 of 3rd period - Shot by Alex Galchenyuk.
0:20 of 3rd period - Shot Misses the Net.
0:25 of 3rd period - Minor Penalty to Jack Eichel for Holding.
0:26 of 3rd period - Jay Beagle wins face-off versus Joe Thornton in BlackHawks zone.
1:46 of 3rd period - Shot by Patrick Kane.
1:46 of 3rd period - Stopped by Sergei Bobrovsky without a rebound.
1:47 of 3rd period - Joe Thornton wins face-off versus Jay Beagle in BlackHawks zone.
2:57 of 3rd period - Shot by David Perron.
2:57 of 3rd period - Deflect By Jori Lehtera.
2:57 of 3rd period - Stopped by Sergei Bobrovsky without a rebound.
2:58 of 3rd period - Tanner Kero wins face-off versus Ryan OReilly in BlackHawks zone.
2:58 of 3rd period - Danny DeKeyser is hit by Kevan Miller and loses puck.
3:45 of 3rd period - Patrik Laine is hit by David Backes and loses puck.
4:59 of 3rd period - Shot by Antoine Roussel.
4:59 of 3rd period - Shot Blocked by Danny DeKeyser.
5:01 of 3rd period - Shot by Antoine Roussel.
5:01 of 3rd period - Shot Blocked by Danny DeKeyser.
5:03 of 3rd period - Shot by Adam McQuaid.
5:03 of 3rd period - Stopped by Marc-Andre Fleury without a rebound.
5:04 of 3rd period - Tanner Kero wins face-off versus Jay Beagle in Panthers zone.
5:13 of 3rd period - Shot by Andrew Shaw.
5:13 of 3rd period - Shot Misses the Net.
5:15 of 3rd period - Shot by Darnell Nurse.
5:15 of 3rd period - Shot Misses the Net.
5:17 of 3rd period - Shot by Adam McQuaid.
5:17 of 3rd period - Deflect By Jay Beagle.
5:17 of 3rd period - Shot Misses the Net.
5:23 of 3rd period - Shot by Andrew Shaw.
5:23 of 3rd period - Shot Misses the Net.
5:51 of 3rd period - Shot by Patrick Kane.
5:51 of 3rd period - Goal by Patrick Kane - Panthers : 3 - BlackHawks : 3.
5:52 of 3rd period - Joe Thornton wins face-off versus Trevor Lewis in neutral zone.
6:10 of 3rd period - Shot by Patrik Laine.
6:10 of 3rd period - Stopped by Sergei Bobrovsky with a rebound.
6:20 of 3rd period - Shot by Joe Thornton.
6:20 of 3rd period - Stopped by Sergei Bobrovsky with a rebound.
6:22 of 3rd period - Shot by Danny DeKeyser.
6:22 of 3rd period - Stopped by Sergei Bobrovsky with a rebound.
6:24 of 3rd period - Shot by Joe Thornton.
6:24 of 3rd period - Goal by Joe Thornton - Panthers : 4 - BlackHawks : 3.
6:25 of 3rd period - Logan Couture wins face-off versus Jack Eichel in neutral zone.
6:36 of 3rd period - Shot by Logan Couture.
6:36 of 3rd period - Stopped by Sergei Bobrovsky without a rebound.
6:37 of 3rd period - Ryan OReilly wins face-off versus David Perron in BlackHawks zone.
6:54 of 3rd period - Shot by Ryan OReilly.
6:54 of 3rd period - Shot Misses the Net.
7:14 of 3rd period - Jacob Trouba is hit by David Backes.
7:33 of 3rd period - Icing by Dion Phaneuf.
7:34 of 3rd period - Jay Beagle wins face-off versus Logan Couture in BlackHawks zone.
7:48 of 3rd period - Danny DeKeyser is hit by Andrew Shaw and loses puck.
9:38 of 3rd period - Shot by Tanner Kero.
9:38 of 3rd period - Shot Misses the Net.
9:40 of 3rd period - Shot by Jacob Trouba.
9:40 of 3rd period - Shot Misses the Net.
9:48 of 3rd period - Jesper Fast is hit by Kyle Okposo and loses puck.
9:58 of 3rd period - Off-side.
9:59 of 3rd period - Jori Lehtera wins face-off versus Ryan OReilly in neutral zone.
10:06 of 3rd period - Shot by Matthew Tkachuk.
10:06 of 3rd period - Stopped by Sergei Bobrovsky without a rebound.
10:06 of 3rd period - Minor Penalty to Sergei Bobrovsky for Slashing.
10:07 of 3rd period - Logan Couture wins face-off versus Jay Beagle in BlackHawks zone.
10:28 of 3rd period - Shot by Patrick Kane.
10:28 of 3rd period - Stopped by Sergei Bobrovsky without a rebound.
10:29 of 3rd period - Joe Thornton wins face-off versus Jay Beagle in BlackHawks zone.
10:32 of 3rd period - Shot by T.J. Brodie.
10:32 of 3rd period - Shot Misses the Net.
10:34 of 3rd period - Shot by Jacob Trouba.
10:34 of 3rd period - Shot Misses the Net.
10:50 of 3rd period - Shot by Blake Wheeler.
10:50 of 3rd period - Deflect By Nikolaj Ehlers.
10:50 of 3rd period - Stopped by Sergei Bobrovsky without a rebound.
10:51 of 3rd period - Logan Couture wins face-off versus Ryan OReilly in BlackHawks zone.
10:56 of 3rd period - Shot by Logan Couture.
10:56 of 3rd period - Shot Misses the Net.
10:58 of 3rd period - Shot by Justin Braun.
10:58 of 3rd period - Shot Misses the Net.
11:43 of 3rd period - Off-side.
11:44 of 3rd period - Jay Beagle wins face-off versus Joe Thornton in neutral zone.
11:59 of 3rd period - Shot by Nikolaj Ehlers.
11:59 of 3rd period - Stopped by Sergei Bobrovsky with a rebound.
12:30 of 3rd period - Icing by Kyle Okposo.
12:31 of 3rd period - Alex Galchenyuk wins face-off versus Tanner Kero in BlackHawks zone.
12:50 of 3rd period - Off-side.
12:51 of 3rd period - Logan Couture wins face-off versus Ryan OReilly in neutral zone.
13:23 of 3rd period - Artemi Panarin is hit by Justin Braun and loses puck.
13:55 of 3rd period - Shot by Radim Vrbata.
13:55 of 3rd period - Shot Misses the Net.
13:57 of 3rd period - Shot by Jay Beagle.
13:57 of 3rd period - Shot Blocked by Justin Braun.
13:59 of 3rd period - Shot by Dion Phaneuf.
13:59 of 3rd period - Deflect By Radim Vrbata.
13:59 of 3rd period - Stopped by Marc-Andre Fleury without a rebound.
14:00 of 3rd period - Joe Thornton wins face-off versus Trevor Lewis in Panthers zone.
14:00 of 3rd period - Joe Thornton is hit by Antoine Roussel.
14:01 of 3rd period - Minor Penalty to Trevor Lewis for High sticking.
14:02 of 3rd period - Joe Thornton wins face-off versus Jay Beagle in BlackHawks zone.
14:13 of 3rd period - Shot by Matthew Tkachuk.
14:13 of 3rd period - Shot Blocked by Jeff Petry.
14:15 of 3rd period - Shot by Jacob Trouba.
14:15 of 3rd period - Stopped by Sergei Bobrovsky without a rebound.
14:16 of 3rd period - Jay Beagle wins face-off versus Joe Thornton in BlackHawks zone.
14:39 of 3rd period - Shot by Jacob Trouba.
14:39 of 3rd period - Stopped by Sergei Bobrovsky without a rebound.
14:40 of 3rd period - Jay Beagle wins face-off versus Logan Couture in BlackHawks zone.
15:12 of 3rd period - Patrik Laine is hit by Jeff Petry and loses puck.
15:23 of 3rd period - Shot by Jeff Petry.
15:23 of 3rd period - Shot Misses the Net.
15:38 of 3rd period - Blake Wheeler is hit by Jeff Petry.
15:45 of 3rd period - Icing by T.J. Brodie.
15:46 of 3rd period - Joe Thornton wins face-off versus Jay Beagle in Panthers zone.
16:01 of 3rd period - Shot by Nikolaj Ehlers.
16:01 of 3rd period - Shot Misses the Net.
16:12 of 3rd period - Trevor Lewis is hit by Brooks Orpik and loses puck.
16:16 of 3rd period - Icing by Brooks Orpik.
16:17 of 3rd period - Ryan OReilly wins face-off versus Jori Lehtera in Panthers zone.
16:28 of 3rd period - Minor Penalty to Jori Lehtera for Hooking.
16:29 of 3rd period - Tanner Kero wins face-off versus Ryan OReilly in Panthers zone.
16:54 of 3rd period - Shot by Artemi Panarin.
16:54 of 3rd period - Stopped by Marc-Andre Fleury without a rebound.
16:55 of 3rd period - Jack Eichel wins face-off versus Jesper Fast in Panthers zone.
18:36 of 3rd period - Darnell Nurse is hit by Logan Couture and loses puck.
18:43 of 3rd period - Shot by Nikolaj Ehlers.
18:43 of 3rd period - Stopped by Sergei Bobrovsky without a rebound.
18:44 of 3rd period - Trevor Lewis wins face-off versus Joe Thornton in BlackHawks zone.
18:44 of 3rd period - Trevor Lewis is hit by Blake Wheeler.
18:50 of 3rd period - Justin Braun is hit by Antoine Roussel and loses puck.
19:21 of 3rd period - Shot by Patrik Laine.
19:21 of 3rd period - Stopped by Sergei Bobrovsky without a rebound.
19:22 of 3rd period - Ryan OReilly wins face-off versus Joe Thornton in BlackHawks zone.
19:24 of 3rd period - David Backes is hit by David Perron and loses puck.
19:39 of 3rd period - BlackHawks, Sergei Bobrovsky is pulled from the net.
19:43 of 3rd period - Shot by Artemi Panarin.
19:43 of 3rd period - Stopped by Marc-Andre Fleury without a rebound.
19:44 of 3rd period - Ryan OReilly wins face-off versus Matthew Tkachuk in Panthers zone.
Goals for this period are 2 for Panthers vs 0 for BlackHawks.
Shots for this period are 16 for Panthers vs 4 for BlackHawks.